← All builds
Tech / Armada / Economy first / OBSERVED BUILD

Standard tech

Armada Tech (Eco) build order · Supreme Isthmus

Rushes T2 factory and Advanced Metal Extractor while sending the first T2 constructor to Geo, scaling team eco and mex upgrades through the full 15 minutes.

Usually first T2 con to Geo (84%)

#eco #t2 #team support · 901 distinct matches · 120 players · 60% of Armada Tech games · team won 53% of 1034 · Recently observed

HOW TO PLAY IT

Key timing: T2 factory by 4:15

  1. Open mex and wind, start bot lab right away.
  2. Get bot lab up and begin feeding early cons.
  3. Start advanced bot lab to rush T2 factory.
  4. Finish T2 factory and push advanced metal extractor by 5:29.
  5. Build Citadel, Platypus and Umbrella as anti-nuke defence transition.

Phase by phase

TYPICAL OF ITS 901 GAMES
  1. 1
  2. 2
  3. 3
  4. 4
PLAY THE OPENING

Follow the example game's first 6:00 step by step: what to build now, what comes next, and where it goes. At 1× it keeps pace with your own game.

  1. 1

    Up to the Bot Lab

    Economy
    • Metal Extractor3Mex
    • Wind Turbine4Wind
    Order
    1. Bot LabBot Lab after 3 mex, 4 winddone ~1:17, middle half 1:13–1:31

    By 1:01 in all: 3 mex · 4 wind

    The example game in this phase · 3 steps
    1. Mex ×3
    2. Wind ×4
    3. Bot LabBot Labdone 1:14 · typical 1:17
  2. 2

    Bot Lab to Advanced Bot Lab

    Economy
    • Metal Extractor1Mex
    • Wind Turbine8Wind
    • Energy Storage1Energy storage
    Order
    1. Advanced Bot LabAdvanced Bot Lab after 4 mex, 12 wind, 3 con turretdone ~4:15, middle half 4:04–4:28
    Builders
    • Construction Turret3 Con turret
    • Lazarus3 Lazarus
    • Construction Bot2 Con bot
    • Construction Bot1 Con bot for allies

    Some games also: converter (35%)

    By 3:19 in all: 4 mex · 12 wind · 1 energy storage · 3 con turret

    The example game in this phase · 13 steps
    1. LazarusLazarus ×2
    2. CenturionCenturion
    3. Wind ×2
    4. LazarusLazarus
    5. Construction BotCon bot ×2
    6. Construction BotCon botfor Air
    7. Con turret
    8. LazarusLazarus ×2
    9. Mex
    10. Energy storage
    11. Con turret
    12. Bot LabEat Bot Labreclaimed for its metal
    13. Advanced Bot LabAdvanced Bot Labdone 4:31 · typical 4:15
  3. 3

    Advanced Bot Lab to 5:00

    Economy
    • Wind Turbine2Wind
    Order
    1. Bot LabEat Bot Lab
    Builders
    • Advanced Construction Bot1 T2 con bot for allies

    Some games also: converter (35%)

    By 5:00 in all: 4 mex · 15 wind · 2 converter · 1 energy storage · 3 con turret

    The example game in this phase · 5 steps
    1. Con turret
    2. Energy storage
    3. Advanced Construction BotT2 con botfor Geo
    4. Advanced Construction BotT2 con bot
    5. GunslingerGunslingerfor Ponddone 5:12
  4. 4

    5:00 to 10:00

    Economy
    • Wind Turbine44Wind
    • Energy Converter6Converter
    Builders
    • Butler8 Butler
    • Advanced Construction Bot4 T2 con bot for allies
    • Advanced Construction Bot1 T2 con bot

    Some games also: con turret (49%) · Butler for allies (37%)

    By 10:00 in all: 4 mex · 59 wind · 8 converter · 1 energy storage · 3 con turret

    The example game in this phase · 144 steps
    1. Advanced Construction BotT2 con botfor Air
    2. Advanced Metal ExtractorT2 mex ×3done 6:48 · typical 5:29
    3. Wind ×3
    4. Advanced Construction BotT2 con botfor Geo sea
    5. Wind
    6. Advanced Construction BotT2 con botfor Pond
    7. Wind ×3
    8. Advanced Construction BotT2 con botfor Beach sea
    9. Wind
    10. Advanced Construction BotT2 con bot
    11. Wind ×4
    12. ButlerButler
    13. Wind ×4
    14. ButlerButler
    15. Wind
    16. ButlerButler
    17. Wind
    18. ButlerButler
    19. Wind
    20. Advanced Metal ExtractorT2 mex
    21. ButlerButler
    22. Wind ×5
    23. ButlerButler
    24. Wind
    25. Con turret
    26. ButlerButler
    27. Con turret ×2
    28. Wind
    29. ButlerButler
    30. Wind ×2
    31. ButlerButler
    32. Wind ×2
    33. ButlerButler
    34. Wind ×7
    35. Con turret
    36. Wind ×3
    37. ButlerButler
    38. Converter
    39. Wind ×4
    40. Converter
    41. Wind ×3
    42. Con turret
    43. Wind ×3
    44. Converter
    45. Wind ×4
    46. Converter
    47. Wind
    48. Metal storage
    49. Wind ×3
    50. Converter
    51. Wind ×2
    52. Converter
    53. Wind ×4
    54. Converter
    55. Wind
    56. Advanced Bot LabEat Advanced Bot Labreclaimed for its metal
    57. Wind ×4
    58. Converter
    59. Wind ×2
    60. Aircraft PlantAircraft Plantdone 11:59
    61. Wind ×4
    62. Converter
    63. BansheeBanshee
    64. Wind ×3
    65. BansheeBanshee
    66. Wind
    67. Con turret ×2
    68. Converter
    69. Wind ×2
    70. Con turret ×2
    71. Wind ×2
    72. Con turret
    73. Wind
    74. Converter
    75. Wind ×4
    76. Converter
    77. Wind
    78. BansheeBanshee
    79. Wind ×3
    80. BansheeBanshee
    81. Wind
    82. Converter
    83. Wind
    84. BansheeBanshee
    85. Wind ×2
    86. BansheeBanshee
    87. Wind ×3
    88. Converter
    89. BansheeBanshee
    90. Wind ×2
    91. BansheeBanshee
    92. Wind ×2
    93. Converter
    94. BansheeBanshee
    95. Wind ×2
    96. Construction AircraftCon aircraft
    97. Wind ×4
    98. Converter
    99. Wind ×5
    100. Converter
    101. Wind ×4
    102. Converter
    103. Wind ×4
    104. Construction AircraftCon aircraft
    105. Wind
    106. Converter
    107. Wind ×4
    108. Aircraft PlantEat Aircraft Plantreclaimed for its metal
    109. Converter
    110. Wind
    111. Advanced Aircraft PlantAdvanced Aircraft Plantdone 13:42
    112. Wind ×3
    113. Converter
    114. Wind ×4
    115. Converter
    116. Wind ×6
    117. Converter
    118. Wind ×4
    119. LicheLichedone 14:47
    120. Converter
    121. Wind ×5
    122. Converter
    123. Wind ×5
    124. Converter
    125. Wind ×5
    126. Converter
    127. Wind
    128. T2 converter
    129. Wind ×4
    130. Converter
    131. Wind ×4
    132. Converter
    133. Wind ×5
    134. Converter
    135. Wind ×4
    136. Converter
    137. Wind ×4
    138. OracleOracle
    139. Converter
    140. Wind ×5
    141. Advanced Construction AircraftT2 con aircraft
    142. Wind
    143. Converter
    144. Wind

Counts are medians over the build's games: half of them build more, half fewer. The example game is WashedGamuer's (40 OS, 09/10/2026); pick another.

Team trades

IN AT LEAST 30% OF ITS GAMES

You hand over

  • Construction Bot1 Con bot to Airfirst at 2:22 · in 87% of games
  • Advanced Construction Bot5 T2 con bot to Air or Geo sea or Pondfirst at 4:48 · in 99% of games
  • Sharpshooter2 Sniper bot to Pondfirst at 5:23 · in 32% of games
  • Butler2 Butler to Geo sea or Beach sea or Pondfirst at 9:05 · in 42% of games

You get

  • Hercules1 Light transport from Airfirst at 4:00 · in 85% of games

How it plays out

Typical game of this build, running totals by minute

Metal produced

020k40k
0:005:0010:0015:00

metal

Enemy metal destroyed

0100200300
0:005:0010:0015:00

metal

Own metal lost

0100200300
0:005:0010:0015:00

metal

1034 games.

Show as table
ByMetal produced: This buildEnemy metal destroyed: This buildOwn metal lost: This build
1:0038300
2:0091600
3:00164500
4:00316200
5:00486400
6:00580800
7:00723600
8:00911000
9:001125000
10:001358800
11:001643300
12:001999100
13:002375900
14:00276067381
15:0031704295204
WHAT THE NUMBERS SAY

This is the role's textbook T2 rush, posting the highest metal production of any build shown (31617 by 15:00) with almost no early losses.

  • + T2 factory done by 4:15 in 97% of games, extremely consistent.
  • + Own metal lost is only 228 by 15:00, near untouched economy.
  • − Team win rate is the lowest of all builds shown at 53%, fast eco alone doesn't decide games.
THE EXAMPLE YOU ARE READING

WashedGamuer

39.8 OS · 09/10/2026

Open source match ↗

7 received units
2582 metal received · 38372 energy received

Allied construction assistance is unknown. Timings are observations, not a promise of solo reproducibility.

Typical milestones

Bot Lab1:17Middle 50%: 1:13–1:31 · n=1034
Advanced Bot Lab4:15Middle 50%: 4:04–4:28 · n=1028
Advanced Metal Extractor5:29Middle 50%: 5:06–5:59 · n=1032

Played most by

Amrissa100games of this buildKOT_45games of this buildSyphos42games of this buildAdeus39games of this buildWashedGamuer39games of this build